 Dungeon Crawl Stone Soup version 0.32-a0-841-g4648e6c457 (webtiles) character file.

Game seed: 4963172935636860650

447 GloriousHammer the Ducker (level 6, 0/34 HPs)
             Began as a Felid Berserker on Mar 27, 2024.
             Was a Believer of Trog.
             Slain by a hobgoblin (4 damage)
             ... led by Robin
             ... on level 3 of the Dungeon.
             The game lasted 00:02:45 (1863 turns).

GloriousHammer the Ducker (Felid Berserker)         Turns: 1863, Time: 00:02:46

Health: 0/34       AC:  2    Str: 15    XL:     6   Next: 73%
Magic:  7/7        EV: 19    Int: 10    God:    Trog [**....]
Gold:   150        SH:  0    Dex: 16    Spells: 5/5 levels left
                                        Lives:  0   Deaths: 2

rFire   . .          .
                       - Unarmed
rCold   . . .        (shield unavailable)
rNeg    . . .        (body armour unavailable)
rPois   .            (helmet unavailable)
rElec   .            (cloak unavailable)
rCorr   .            (gloves unavailable)
SInv    +            (boots unavailable)
Will    .....        (no amulet)
Stlth   +++          (no ring)
HPRegen 0.25/turn    (no ring)
MPRegen 0.10/turn

%: no passive effects
@: on berserk cooldown, slowed, very slow
A: very small, claws 1, fangs 3, see invisible, shaggy fur 2, stealthy paws, no
weapons or thrown items, no armour, multi-lived
a: Renounce Religion, Berserk, Trog's Hand


You were on level 3 of the Dungeon.
You worshipped Trog.
Trog was pleased with you.
You visited 1 branch of the dungeon, and saw 3 of its levels.

You collected 150 gold pieces.

Inventory:

Jewellery
 e - an amulet of magic regeneration
Scrolls
 a - a scroll of amnesia {unknown}
 c - a scroll of fear {unknown}
 f - 3 scrolls of teleportation {unknown}
 g - a scroll of acquirement {unknown}
 h - 2 scrolls of blinking {unknown}
 j - 2 scrolls of revelation {unknown}
 k - a scroll of noise {unknown}
 l - a scroll of identify {unknown}
Potions
 b - a potion of curing {unknown}
 d - a potion of lignification
 i - 2 potions of might {unknown}


   Skills:
 + Level 4.3 Fighting
 + Level 5.7 Dodging
 - Level 4.0 Stealth
 * Level 5.4 Unarmed Combat


You had 5 spell levels left.
You didn't know any spells.
Your spell library was empty.

Dungeon Overview and Level Annotations

Branches:
Dungeon (3/15)

Altars:

Annotations:
D:3 Robin


Innate Abilities, Weirdness & Mutations

You have sharp claws.
You have razor-sharp teeth.
You have supernaturally acute eyesight. (SInv)
You are covered in thick fur. (AC +2)
Your paws help you pounce on unaware monsters.
You are incapable of wielding weapons or throwing items.
You cannot wear armour.
You gain extra lives every three experience levels.


Message History

You mangle the endoplasm!!
You kill the endoplasm!
Trog accepts your kill.
A quokka comes into view.
A quokka is nearby!
A quokka is nearby!
A hobgoblin and a goblin come into view. 2 hobgoblins and an orc come into view.
The hobgoblin shouts! x2; You hear a shout!
A hobgoblin comes into view.
A goblin comes into view. It is wielding a +0 club.
You hear a shout!
Robin and a goblin come into view.
Robin is wielding a +2 trident of flaming.
The hobgoblin shouts! x2; The orc shouts!
You hear a shout!
A hobgoblin comes into view.
The goblin moves out of view.
Robin shouts!
A red film seems to cover your vision as you go berserk!
You feel yourself moving faster!
You feel mighty!
A hobgoblin comes into view.
The quokka bites you.
The hobgoblin shouts!
You claw the quokka!
You kill the quokka!
Trog accepts your kill.
A hobgoblin comes into view.
The orc misses you.
You claw the goblin!
You kill the goblin!
Trog accepts your kill.
You scratch the orc.
The orc is moderately wounded.
Robin throws the goblin at you!
The goblin shouts!
The goblin hits you with a +0 club. The orc misses you.
You miss the goblin. Your claw misses the goblin. The orc closely misses you.
The hobgoblin closely misses you.
You claw the orc!
You kill the orc!
Trog accepts your kill.
You claw the goblin!
You kill the goblin!
Trog accepts your kill. The hobgoblin completely misses you.
You claw the hobgoblin!
You kill the hobgoblin!
Trog accepts your kill.
You barely miss the goblin.
Robin roars a battlecry!
The goblins go into a battle-frenzy!
You claw the goblin!
You kill the goblin!
Trog accepts your kill. The hobgoblin hits you.
You claw the hobgoblin!
You kill the hobgoblin!
Trog accepts your kill.
You claw the hobgoblin!
You kill the hobgoblin!
Trog accepts your kill.
A hobgoblin comes into view.
Things that are here:
a +0 club; a goblin corpse You feel a strong urge to attack something.
You are no longer berserk.
You are exhausted.
You feel yourself slow down. Robin throws the goblin at you!
The hobgoblin hits you but does no damage.
The goblin hits you with a +0 club.
You completely miss the goblin. You bite the goblin.
The goblin is severely wounded.
Robin closely misses you. The hobgoblin closely misses you.
The goblin barely misses you.
The hobgoblin hits you but does no damage.
You closely miss the goblin. Your claw misses the goblin.
The goblin is severely wounded.
Robin hits you from afar with a +2 trident of flaming.
Robin burns you. The hobgoblin closely misses you.
The goblin hits you with a +0 club.
* * * LOW HITPOINT WARNING * * *
The hobgoblin barely misses you.
Robin hits you from afar with a +2 trident of flaming.
* * * LOW HITPOINT WARNING * * *
Robin burns you.
* * * LOW HITPOINT WARNING * * *
The hobgoblin hits you but does no damage.
The goblin misses you. The hobgoblin hits you.
* * * LOW HITPOINT WARNING * * *
Unknown command.
Unknown command.
You scratch the goblin.
You kill the goblin!
Trog accepts your kill. Robin barely misses you.
The hobgoblin hits you but does no damage.
The hobgoblin misses you. The hobgoblin hits you.
You die...

#.....##.##.......##
#...>.##.#####.#.#..
#.....##..>......#.#
##...######.##......
##.## #.....####.#
#...# #.....# #.
#...# #.....# #
#...# #.....# ##@##
#.....# #g# #######
#ggg...# .g..##.#
##.#.# #.... #.#...
#.# ... ... ...#


You could see 4 hobgoblins.

Vanquished Creatures
  Grinder (D:3)
  A black bear (D:3)
  A scorpion (D:3)
  A bombardier beetle (D:3)
  2 adders
  A ribbon worm (D:2)
  A dart slug (D:2)
  An orc (D:3)
  A ball python (D:3)
  4 bats
  4 endoplasms
  2 giant cockroaches (D:2)
  6 goblins
  4 hobgoblins (D:3)
  3 kobolds
  4 quokkas
  2 frilled lizards (D:3)
  6 rats
45 creatures vanquished.

Notes
Turn   | Place    | Note
-------+----------+-------------------------------------------
     0 | D:1      | GloriousHammer the Felid Berserker began the quest for the
                  | Orb.
     0 | D:1      | Reached XP level 1. HP: 12/12 MP: 2/2
   621 | D:2      | Reached XP level 2. HP: 16/16 MP: 3/3
   692 | D:2      | Reached skill level 1 in Stealth
   708 | D:2      | Slain by a ribbon worm
   708 | D:2      | Lost a life (0 lives remaining)
   967 | D:2      | Reached XP level 3. HP: 20/20 MP: 4/4
  1238 | D:3      | Noticed a black bear
  1247 | D:3      | Killed a black bear
  1248 | D:3      | Reached XP level 4. HP: 4/25 MP: 5/5
  1248 | D:3      | Gained a life (1 life remaining)
  1457 | D:3      | Reached ** piety under Trog
  1571 | D:3      | Reached skill level 5 in Dodging
  1571 | D:3      | Reached XP level 5. HP: 29/29 MP: 6/6
  1664 | D:3      | HP: 1/29 [scorpion (1)]
  1665 | D:3      | Succumbed to a scorpion's poison
  1665 | D:3      | Lost a life (0 lives remaining)
  1716 | D:3      | Noticed Grinder
  1728 | D:3      | Killed Grinder
  1729 | D:3      | Reached skill level 5 in Unarmed Combat
  1729 | D:3      | Gained mutation: You are covered in thick fur. (AC +2)
                  | [Felid growth]
  1729 | D:3      | Reached XP level 6. HP: 11/33 MP: 7/7
  1845 | D:3      | Noticed Robin
  1863 | D:3      | Slain by a hobgoblin

Illustrated notes

Levels and vault maps discovered:
D:1:      lightli_arrival_quake, layout_loops_ring
D:2:      layout_basic, minmay_surrounded
D:3:      layout_loops_cross, nrook_campfire, grunt_ministairs_11, uniq_robin,
          uniq_grinder

Skill      XL: |  1  2  3  4  5 |
---------------+----------------+-----
Stealth        | 1 2 4 |  4.0
Unarmed Combat | 4 5 |  5.4
Dodging        | 5 |  5.7
Fighting       | 4 |  4.3

Action                     |  1- 3 |  4- 6 || total
---------------------------+-------+-------++-------
  Melee: Unarmed           |    65 |    59 ||   124
         Bite              |     4 |     4 ||     8
 Invoke: Berserk           |     2 |     3 ||     5
    Use: Potion            |       |     1 ||     1
   Stab: Sleeping          |     2 |     3 ||     5
 Armour: Skin              |    24 |    35 ||    59
  Dodge: Dodged            |    51 |    35 ||    86

Table legend: (Time is in decaauts)
 A = Elapsed time spent in this place.
 B = Non-inter-level travel time spent in this place.
 C = Inter-level travel time spent in this place.
 D = Time resting spent in this place.
 E = Time spent auto-exploring this place.
 F = Levels seen in this place.
 G = Mean time per level.
                   A        B        C        D        E       F      G
               +--------+--------+--------+--------+--------+-----+--------+
         Total |   1869 |   1761 |    108 |    100 |   1306 |   3 |  623.0 |
       Dungeon |   1869 |   1761 |    108 |    100 |   1306 |   3 |  623.0 |
               +--------+--------+--------+--------+--------+-----+--------+

Top non-repeatable levels by time:
     D:2: 688 daAuts
     D:3: 636 daAuts
     D:1: 544 daAuts
